 Dungeon Crawl Stone Soup version 0.24.0-123-gd5b16e6ec5 (webtiles) character file.

Game seed: 5500029546048511965, levelgen mode: deterministic

93332 Mesmaeker13 the Gelid (level 15, -12/99 HPs)
             Began as a White Draconian Ice Elementalist on Jan 15, 2020.
             Was a High Priest of Sif Muna.
             Mangled by a white ugly thing (18 damage)
             ... on level 1 of the Swamp.
             The game lasted 01:46:50 (40674 turns).

Mesmaeker13 the Gelid (DrIE)                       Turns: 40674, Time: 01:46:51

Health: -12/99     AC: 15    Str: 11    XL:     15   Next: 60%
Magic:  4/29       EV: 18    Int: 21    God:    Sif Muna [*****.]
Gold:   1319       SH:  6    Dex: 12    Spells: 16/34 levels left

rFire    + . .     SeeInvis +   K - +9 double sword (slice) {Normandy}
rCold    . . .     Gourm    .   c - +0 buckler
rNeg     . . .     Faith    .   (armour unavailable)
rPois    .         Spirit   .   P - +2 hat
rElec    .         Reflect  .   F - +0 cloak
rCorr    .         Harm     .   k - +0 pair of gloves
MR       +....                  y - +1 pair of boots {Stlth+}
Stlth    +++.......             Q - amulet of the acrobat
HPRegen  0.26/turn              I - ring of see invisible
MPRegen  0.21/turn              f - ring of fire

@: about to teleport, slowed, very slow
A: breathe frost, unfitting armour, cold resistance 1, cold-blooded, AC +9
a: Breathe Frost, Channel Magic, Forget Spell, Divine Exegesis, Renounce
Religion


You were on level 1 of the Swamp.
You worshipped Sif Muna.
Sif Muna was extremely pleased with you.
You were hungry.

You visited 4 branches of the dungeon, and saw 23 of its levels.

You collected 1500 gold pieces.
You spent 181 gold pieces at shops.

Inventory:

Hand Weapons
 K - a +9 double sword of slicing (weapon) {Normandy}
Missiles
 D - a throwing net (quivered)
 H - 21 curare-tipped darts
Armour
 c - a +0 buckler (worn)
 i - a +0 shield
 k - a +0 pair of gloves (worn)
 y - a +1 pair of boots of stealth (worn)
 F - a +0 cloak (worn)
 P - a +2 hat (worn)
Magical Staves
 r - an uncursed staff of power
 C - an uncursed staff of conjuration
Jewellery
 f - a ring of fire (right hand)
 j - an uncursed ring of magical power
 v - an uncursed ring of protection from magic
 I - a ring of see invisible (left hand)
 Q - an amulet of the acrobat (around neck)
 S - an uncursed ring of flight
Wands
 V - a wand of digging (16)
Scrolls
 d - 5 scrolls of blinking
 h - 4 scrolls of noise
 l - 6 scrolls of teleportation
 n - 5 scrolls of remove curse
 u - 5 scrolls of magic mapping
 B - 2 scrolls of fog
 N - 2 scrolls of enchant armour
 R - a scroll of holy word
 T - a scroll of fear
 W - a scroll of vulnerability
Potions
 e - 3 potions of haste
 g - 3 potions of flight
 o - 5 potions of brilliance
 p - 3 potions of curing
 t - 4 potions of agility
 z - a potion of invisibility
 A - 3 potions of ambrosia
 E - a potion of magic
 G - a potion of berserk rage
 O - 5 potions of might
 Y - a potion of resistance
Miscellaneous
 a - a phial of floods (inert)
 J - a crystal ball of energy
Comestibles
 b - 14 rations


   Skills:
 - Level 5.0 Long Blades
 - Level 10.8 Dodging
 - Level 1.7 Stealth
 + Level 8.3 Shields
 - Level 10.0 Spellcasting
 + Level 11.3 Conjurations
 - Level 8.0 Charms
 - Level 5.0 Summonings
 + Level 16.8 Ice Magic
 - Level 7.0 Invocations


You had 16 spell levels left.
You knew the following spells:

 Your Spells              Type           Power        Failure   Level  Hunger
a - Iskenderun's Battles  Conj/Chrm      ######..     3%          5    ####...
b - Throw Frost           Conj/Ice       ######       1%          2    None
c - Summon Ice Beast      Ice/Summ       ######..     1%          4    ##.....
d - Throw Icicle          Conj/Ice       ######..     1%          4    ##.....
e - Ozocubu's Armour      Chrm/Ice       ######..     1%          3    None

Your spell library contained the following spells:

 Spells                   Type           Power        Failure   Level  Hunger
 Freeze                   Ice            ####         0%          1    None
 Infusion                 Chrm           ####         1%          1    None
 Sting                    Conj/Pois      ####         1%          1    None
 Summon Small Mammal      Summ           ####         1%          1    None
 Shroud of Golubria       Chrm/Tloc      ####..       1%          2    None
 Song of Slaying          Chrm           #####...     1%          2    None
 Static Discharge         Conj/Air       ####....     1%          3    None
 Iskenderun's Mystic Bla  Conj           ######..     1%          4    ##.....
 Call Canine Familiar     Summ           ####....     2%          3    None
 Regeneration             Chrm/Necr      ####......   3%          3    None
 Spectral Weapon          Hex/Chrm       ####....     3%          3    None
 Bolt of Cold             Conj/Ice       ######....   3%          6    ######.
 Mephitic Cloud           Conj/Pois/Air  ####....     4%          3    None
 Beastly Appendage        Tmut           ##....       6%          1    None
 Confusing Touch          Hex            ##....       6%          1    None
 Sandblast                Erth           ##....       6%          1    None
 Metabolic Englaciation   Hex/Ice        #####.....   6%          5    ####...
 Poisonous Vapours        Pois/Air       ##....       10%         2    None
 Slow                     Hex            ##......     10%         2    None
 Confuse                  Hex            ##......     19%         3    None
 Gell's Gravitas          Tloc           ##........   19%         3    None
 Spider Form              Tmut/Pois      ##........   19%         3    None
 Tukima's Dance           Hex            ##......     19%         3    None
 Lightning Bolt           Conj/Air       ####......   19%         5    ####...
 Venom Bolt               Conj/Pois      ####......   19%         5    ####...
 Orb of Destruction       Conj           ######....   45%         7    #######
 Olgreb's Toxic Radiance  Pois           ##......     54%         4    ##.....
 Petrify                  Tmut/Erth      ##......     54%         4    ##.....
 Iron Shot                Conj/Erth      ####......   69%         6    ######.
 Yara's Violent Unravell  Hex/Tmut       ##........   87%         5    ####...
 Spellforged Servitor     Conj/Summ      #####.....   89%         7    #######
 Chain Lightning          Conj/Air       ####......   100%        8    #######
 Ignition                 Fire           ###.......   100%        8    #######
 Glaciate                 Conj/Ice       ######....   100%        9    #######
 Shatter                  Erth           ##........   100%        9    #######
 Tornado                  Air            ##........   100%        9    #######


Dungeon Overview and Level Annotations

Branches:
Dungeon (15/15)            Temple (0/1) D:7            Lair (6/6) D:8
  Swamp (1/4) Lair:4       Spider (0/4) Lair:2        Slime (0/5) Lair:5
    Orc (0/2) D:12         Vaults (0/5) D:14         Depths (1/5) D:15

Altars:
Elyvilon
Gozag
Kikubaaqudgha
Okawaru
Qazlal
Sif Muna
Uskayaw
Vehumet

Shops:
D:11 ?   D:12 [   D:13 (


Innate Abilities, Weirdness & Mutations

You can breathe waves of freezing cold.
You can buffet flying creatures when you breathe cold.
Your icy white scales are hard. (AC +9)
You cannot fit into any form of body armour.
Your flesh is cold resistant. (rC+)
You are cold-blooded and may be slowed by cold attacks.


Message History

You tail-slap the white ugly thing.
The white ugly thing is almost dead.
The white ugly thing completely misses you.
You riposte.
You barely miss the white ugly thing.
The white ugly thing is severely wounded.
* * * LOW HITPOINT WARNING * * *
You feel sick.
You feel much better.
You feel sick. The white ugly thing punches you.
* * * LOW HITPOINT WARNING * * *
The white ugly thing freezes you!!
You feel yourself slow down.
* * * LOW HITPOINT WARNING * * *
Okay, then.
You feel better. The white ugly thing misses you.
As you read the scroll of teleportation, it crumbles to dust.
You feel strangely unstable.
You feel yourself speed up. The white ugly thing punches you.
* * * LOW HITPOINT WARNING * * *
The white ugly thing freezes you!!
You feel yourself slow down.
You die...

.♣≈.≈♣ ♣..##......#..♣...≈....♣
≈....♣♣ ♣..#...#...#..≈.≈...♣...
.≈.≈≈≈♣♣♣♣..#..###(.#...≈♣♣......
≈.≈≈≈...♣♣......#...'..≈.♣♣≈.≈♣♣♣
≈.≈≈....♣...##.....##....§♣♣♣♣♣♣♣
≈♣......≈.≈..##...##..≈≈≈.♣♣♣♣♣♣≈
≈♣♣.≈≈≈...≈≈..#####..≈≈≈≈≈.≈...(.
≈≈♣♣≈≈≈..§.≈........≈≈≈≈≈≈..≈....
≈ ♣..≈.....≈♣..@u..≈≈≈≈≈≈..≈≈...
≈≈≈.....≈..§.≈....†≈≈≈≈≈.♣≈.≈≈..
≈≈≈♣....≈≈≈....≈.≈.≈§≈.≈≈≈≈♣....≈
♣♣♣♣..≈.≈≈≈.....≈§♣♣♣♣≈.≈≈.≈....♣
♣ ♣.≈≈♣♣♣≈♣.♣♣≈♣♣♣≈♣≈≈♣♣..♣....≈
≈≈≈. ≈≈♣♣♣♣♣≈≈..u..♣♣♣...≈≈.♣
♣♣♣♣.≈≈≈u.....≈≈≈.♣
♣♣≈♣♣.≈≈≈≈≈.≈≈$§≈≈
♣......≈....≈≈≈..≈


You could see a white ugly thing.

Vanquished Creatures
  Nessos (Lair:4)
  An ogre mage (D:15)
  A fire dragon (D:14)
  Josephine (Lair:5)
  A vault guard (D:14)
  3 catoblepae (Lair:6)
  4 hydras
  A centaur warrior (D:15)
  5 two-headed ogres
  An alligator (Swamp:1)
  6 death yaks
  2 tengu warriors
  Urug (D:11)
  A deep troll (D:15)
  2 wizards (D:14)
  A deep elf archer (D:15)
  5 lindwurms
  A swamp dragon (Swamp:1)
  3 oklob plants
  A harpy (shapeshifter) (D:15)
  2 deep elf magi
  Pikel (D:9)
  A necromancer (D:14)
  10 ugly things
  5 manticores
  3 cyclopes
  3 black mambas
  Maurice (D:9)
  16 elephants
  2 molten gargoyles (Lair:4)
  A torpor snail (Lair:3)
  10 spiny frogs
  An efreet (D:11)
  2 kobold demonologists (D:13)
  13 komodo dragons
  3 rime drakes
  A troll (D:13)
  2 polar bears (Lair:5)
  6 hornets
  A tyrant leech (Swamp:1)
  25 blink frogs
  A harpy skeleton (D:15)
  A dream sheep (Lair:3)
  12 slime creatures
  6 hippogriffs
  5 bog bodies
  Sigmund (D:3)
  A shadow (D:15)
  41 yaks
  10 humans (D:14)
  7 wraiths
  A fire bat (shapeshifter) (D:15)
  2 wyverns
  A steam dragon (Lair:5)
  A basilisk (D:15)
  4 vampire mosquitoes
  Edmund (D:6)
  3 hungry ghosts
  3 swamp worms (Swamp:1)
  15 water moccasins
  11 porcupines
  2 phantoms
  10 orc warriors
  2 ice beasts
  An eye of draining (D:13)
  6 necrophages (Lair:2)
  7 ogres
  A sky beast (D:9)
  8 wolves
  8 centaurs
  12 crocodiles
  6 big kobolds
  18 bullfrogs
  A gnoll sergeant (D:6)
  A wyvern zombie (D:14)
  A wyvern skeleton (D:8)
  4 scorpions
  5 killer bees
  An oklob sapling (D:11)
  2 howler monkeys (D:13)
  2 wights (D:11)
  5 electric eels
  3 crimson imps
  4 centaur zombies
  2 bullfrog zombies
  5 lava snakes (Lair:4)
  A quasit (D:12)
  2 bullfrog skeletons
  5 hounds
  5 orc priests
  A jelly (D:12)
  An iguana (D:4)
  13 orc wizards
  4 centaur skeletons
  Natasha (thrice) (D:2)
  5 worker ants
  5 hell rats
  A hound zombie (D:4)
  4 hound skeletons
  6 worker ant zombies
  9 gnolls
  13 adders
  3 shadow imps
  2 oozes
  An adder zombie (D:4)
  A worm (D:2)
  A dart slug (D:2)
  4 leopard geckos
  53 orcs
  10 ball pythons
  7 bats
  5 giant cockroaches
  8 hobgoblins
  15 jackals
  2 quokkas
  3 frilled lizards
  5 goblins
  31 kobolds
  A leopard gecko zombie (D:4)
  A quokka zombie (D:4)
  10 rats
  A fungus (Lair:5)
  A plant (D:11)
638 creatures vanquished.

Vanquished Creatures (collateral kills)
  Gastronok (D:10)
  A hydra (D:12)
  5 two-headed ogres
  An ogre mage (D:15)
  A wizard (D:14)
  A necromancer (D:14)
  5 ugly things
  2 elephants
  2 black mambas (Lair:4)
  A gargoyle (D:13)
  2 rime drakes
  A komodo dragon (Lair:2)
  A troll (D:13)
  10 blink frogs
  2 dream sheep (Lair:3)
  A redback (shapeshifter) (D:14)
  10 humans (D:14)
  14 yaks
  3 vampire mosquitoes (D:15)
  2 water moccasins
  An orc warrior (D:9)
  A sky beast (D:6)
  A necrophage (Lair:2)
  An ogre (D:15)
  4 centaurs
  9 wolves
  2 crocodiles
  4 bullfrogs
  A scorpion (D:9)
  6 killer bees (D:9)
  A wight (D:11)
  An electric eel (Lair:5)
  A crimson imp (D:14)
  A jelly (D:7)
  2 orc priests
  2 orc wizards
  A worker ant (D:9)
  A hell rat (Lair:5)
  A howler monkey skeleton (D:7)
  2 shadow imps
  9 orcs
  2 kobolds (D:9)
  A quokka zombie (D:9)
121 creatures vanquished.

Vanquished Creatures (others)
  2 centaurs (D:13)
  An orc priest (D:13)
  An orc (D:13)
  14 fungi
  33 plants
51 creatures vanquished.

Grand Total: 810 creatures vanquished

Notes
Turn   | Place    | Note
-------+----------+-------------------------------------------
     0 | D:1      | Mesmaeker13 the Draconian Ice Elementalist began the quest
                  | for the Orb.
     0 | D:1      | Reached XP level 1. HP: 14/14 MP: 3/3
   340 | D:1      | Reached XP level 2. HP: 20/20 MP: 5/5
  1307 | D:2      | Learned a level 2 spell: Throw Frost
  1422 | D:2      | Noticed Natasha
  1560 | D:2      | Killed Natasha
  1560 | D:2      | Reached XP level 3. HP: 9/26 MP: 7/7
  2053 | D:2      | Reached XP level 4. HP: 24/33 MP: 8/8
  2216 | D:2      | Noticed Natasha
  2223 | D:2      | Killed Natasha
  2335 | D:2      | Reached skill level 4 in Ice Magic
  2344 | D:2      | Reached XP level 5. HP: 36/38 MP: 7/9
  2502 | D:2      | Noticed Natasha
  2511 | D:2      | Killed Natasha
  2713 | D:3      | Noticed Sigmund
  3346 | D:4      | Learned a level 4 spell: Summon Ice Beast
  3434 | D:4      | Reached XP level 6. HP: 33/45 MP: 10/10
  3651 | D:4      | Noticed an orc warrior
  3769 | D:4      | Killed an orc warrior
  3808 | D:4      | Reached skill level 5 in Ice Magic
  4049 | D:5      | Entered Level 5 of the Dungeon
  4105 | D:5      | Your scales start taking on an icy white colour.
  4105 | D:5      | Reached skill level 6 in Ice Magic
  4105 | D:5      | Reached XP level 7. HP: 44/50 MP: 11/11
  4105 | D:5      | Gained mutation: Your flesh is cold resistant. (rC+) [White
                  | Draconian growth]
  4185 | D:4      | Found a shimmering blue altar of Sif Muna.
  4191 | D:4      | Became a worshipper of Sif Muna the Loreminder
  4538 | D:4      | Reached skill level 1 in Summonings
  5279 | D:5      | Found an iron altar of Okawaru.
  5586 | D:5      | Found a shimmering blue altar of Sif Muna.
  5885 | D:3      | Found a radiant altar of Vehumet.
  5911 | D:3      | Killed Sigmund
  5911 | D:3      | Reached skill level 5 in Dodging
  5911 | D:3      | Reached skill level 7 in Ice Magic
  6057 | D:3      | Found a shimmering blue altar of Sif Muna.
  6311 | D:3      | Reached XP level 8. HP: 57/57 MP: 12/12
  6497 | D:6      | Noticed Edmund
  6512 | D:6      | Killed Edmund
  6565 | D:6      | Reached * piety under Sif Muna
  6948 | D:6      | Reached skill level 8 in Ice Magic
  7076 | D:6      | Found a hide-covered altar of Uskayaw.
  7278 | D:6      | Noticed a two-headed ogre
  7304 | D:6      | Killed a two-headed ogre
  7608 | D:7      | Reached skill level 5 in Summonings
  7624 | D:7      | Learned a level 4 spell: Throw Icicle
  7653 | D:7      | Reached XP level 9. HP: 50/62 MP: 9/13
  7660 | D:7      | Reached skill level 1 in Shields
  7660 | D:7      | Reached skill level 9 in Ice Magic
  7728 | D:7      | Found a staircase to the Ecumenical Temple.
  9031 | D:8      | Reached ** piety under Sif Muna
  9353 | D:8      | Reached skill level 5 in Conjurations
  9488 | D:8      | Reached skill level 10 in Ice Magic
  9764 | D:8      | Found a staircase to the Lair.
  9808 | D:9      | Noticed Maurice
  9905 | D:9      | Noticed a two-headed ogre
  9996 | D:8      | Killed a two-headed ogre
 10070 | D:9      | Reached XP level 10. HP: 69/69 MP: 16/16
 10096 | D:9      | Killed Maurice
 10217 | D:9      | Noticed a two-headed ogre
 10225 | D:9      | Killed a two-headed ogre
 10225 | D:9      | Reached skill level 5 in Spellcasting
 10255 | D:9      | Found a white marble altar of Elyvilon.
 10436 | D:9      | Noticed a great orb of eyes
 10591 | D:9      | Found an ancient bone altar of Kikubaaqudgha.
 10632 | D:9      | Noticed Pikel
 10665 | D:9      | Killed Pikel
 10835 | D:9      | Got a faintly glowing robe
 10842 | D:9      | Reached skill level 11 in Ice Magic
 10904 | D:9      | Reached *** piety under Sif Muna
 11155 | D:10     | Entered Level 10 of the Dungeon
 11417 | D:10     | Noticed Gastronok
 11450 | D:10     | Killed Gastronok
 12212 | D:10     | Found a stormy altar of Qazlal.
 12490 | D:11     | Identified the +0 robe of the Monkey {rC- Str+4 Dex+3} (You
                  | found it on level 9 of the Dungeon)
 12628 | D:11     | Noticed a manticore
 12746 | D:11     | Killed a manticore
 12746 | D:11     | Reached XP level 11. HP: 29/74 MP: 6/20
 12956 | D:11     | Found Uxtine's Magic Scroll Emporium.
 13134 | D:11     | Reached **** piety under Sif Muna
 13344 | D:11     | Noticed Urug
 13584 | D:11     | Killed Urug
 13924 | D:11     | Paralysed by a hornet for 3 turns
 13929 | D:11     | Paralysed by a hornet for 3 turns
 13930 | D:11     | HP: 3/74 [hornet (6)]
 13936 | D:11     | Reached skill level 12 in Ice Magic
 14285 | D:11     | Noticed an oklob plant
 14316 | D:11     | Killed an oklob plant
 14493 | D:11     | Identified the Papyrus of Nature
 14678 | Lair:1   | Entered Level 1 of the Lair of Beasts
 14685 | Lair:1   | Learned a level 3 spell: Ozocubu's Armour
 14902 | Lair:1   | Reached skill level 1 in Charms
 16847 | Lair:2   | Found a hole to the Spider Nest.
 17414 | Lair:2   | Reached XP level 12. HP: 78/81 MP: 19/23
 17784 | Lair:2   | Reached skill level 13 in Ice Magic
 18583 | Lair:3   | Reached ***** piety under Sif Muna
 18583 | Lair:3   | Identified Sif Muna's Handbook of Hurtful Earth (Sif Muna
                  | gifted it to you on level 3 of the Lair of Beasts)
 18583 | Lair:3   | Received a gift from Sif Muna
 18860 | Lair:3   | Noticed an eight-headed hydra
 18869 | Lair:3   | Killed an eight-headed hydra
 19624 | Lair:3   | Reached skill level 5 in Charms
 20636 | Lair:4   | Noticed Nessos
 20660 | Lair:4   | Killed Nessos
 21376 | Lair:4   | Reached skill level 14 in Ice Magic
 21379 | Lair:4   | Reached XP level 13. HP: 58/86 MP: 16/26
 21728 | Lair:4   | Reached skill level 1 in Invocations
 22336 | Lair:5   | Learned a level 5 spell: Iskenderun's Battlesphere
 22683 | Lair:5   | Found a staircase to the Slime Pits.
 22876 | Lair:5   | Reached skill level 10 in Dodging
 24598 | Lair:5   | Reached skill level 10 in Spellcasting
 24659 | Lair:5   | Got a sapphire dagger
 24662 | Lair:5   | Identified the +4 dagger of Emitun {pierce, rF+} (You found
                  | it on level 5 of the Lair of Beasts)
 24858 | Lair:6   | Entered Level 6 of the Lair of Beasts
 25207 | Lair:5   | Identified Bivviol's Collected Works on Attacks (Sif Muna
                  | gifted it to you on level 5 of the Lair of Beasts)
 25207 | Lair:5   | Received a gift from Sif Muna
 26076 | Lair:6   | Reached skill level 5 in Invocations
 26212 | Lair:6   | Found an opulent altar of Gozag.
 26289 | Lair:6   | Reached XP level 14. HP: 93/93 MP: 28/28
 26301 | Lair:6   | Reached skill level 15 in Ice Magic
 26640 | Lair:6   | Noticed Josephine
 26658 | Lair:5   | Killed Josephine
 29466 | Lair:5   | Reached skill level 10 in Conjurations
 29969 | Lair:5   | Reached skill level 5 in Shields
 31087 | D:12     | Received a gift from Sif Muna
 31396 | D:12     | Found Ofoiwnal's Armour Boutique.
 31884 | D:12     | Found a staircase to the Orcish Mines.
 31890 | D:12     | Bought a +1 pair of boots of stealth for 181 gold pieces
 32606 | D:12     | Reached skill level 1 in Long Blades
 32797 | D:13     | Found Soehere's Weapon Emporium.
 34491 | D:14     | Identified Aliptogg's Guide on Enthralling Arcane Weapons
                  | (Sif Muna gifted it to you on level 14 of the Dungeon)
 34491 | D:14     | Received a gift from Sif Muna
 35094 | D:14     | Reached skill level 16 in Ice Magic
 35402 | D:14     | Reached XP level 15. HP: 87/99 MP: 29/29
 35944 | D:14     | Paralysed by a wizard for 3 turns
 36552 | D:14     | Found a gate to the Vaults.
 36602 | D:15     | Entered Level 15 of the Dungeon
 38061 | D:15     | Reached skill level 5 in Long Blades
 39011 | D:15     | Found a staircase to the Depths.
 39143 | Depths:1 | Entered Level 1 of the Depths
 39147 | Depths:1 | Noticed a fire giant
 39838 | Lair:4   | Found a staircase to the Swamp.
 39985 | Swamp:1  | Entered Level 1 of the Swamp
 40671 | Swamp:1  | HP: 4/99 [poisoned by a green ugly thing]
 40674 | Swamp:1  | Mangled by a white ugly thing

Levels and vault maps discovered:
D:1:      saegor_arrival_under_anarchy, layout_basic,
          hangedman_decor_diamond_cutter, minmay_misc_feat_room,
          minmay_misc_feat_secret_circle
D:2:      layout_basic, uniq_natasha
D:3:      layout_basic, lemuel_doored_altar, first_ration, led_sif_book,
          uniq_sigmund
D:4:      lemuel_upstairs_altar, layout_gridville, serial_undead,
          serial_undead_b, serial_undead_c, serial_undead_c, serial_undead_c,
          serial_undead_a, serial_undead_b, serial_undead_b,
          guppyfry_early_orc_mine
D:5:      layout_basic, okawaru_altar_gauntlet_db, kennysheep_little_box
D:6:      layout_basic, eat_drink_and_be_merry_uskayaw, abandoned_shop,
          uniq_edmund
D:7:      layout_basic, minmay_temple_entry_antechambers
D:8:      layout_rooms, lair_entry_dummy, blue_anna_alchemist
          [blue_anna_fruit_fields, blue_anna_fruit_fields],
          kennysheep_crisscross
D:9:      layout_roguey, nicolae_overflow_crystal_walls,
          overflow_temple_1_default, onia_ninara_dug_in_and_dangerous,
          uniq_maurice, uniq_pikel
D:10:     layout_basic, serial_bayou_ford_a, nicolae_qazlal_eye_of_the_storm,
          uniq_gastronok
D:11:     layout_roguey, serial_shops, shop, introduction_to_nature_1, uniq_urug
D:12:     layout_rooms, orc_david_3
D:13:     layout_small_grid, serial_shops, shop
D:14:     layout_roguey, grunt_vaults_entry_tiered,
          hangedman_abyss_or_decor_slice
D:15:     hangedman_depths_entry_civil_slaughter, layout_loops_ring,
          minmay_misc_feat_tower, hex_tiny
Lair:1:   layout_cave_pods, serial_rivers, chequers_serial_rivers_marsh,
          chequers_serial_rivers_micro_e, chequers_serial_rivers_marsh,
          chequers_serial_rivers_small_3, chequers_serial_rivers_micro_b,
          serial_bayou_crossing
Lair:2:   layout_cave_pods, dummy_spider_entry, chequers_serial_rivers_small_3,
          roderic_carrion_pond, serial_bayou_shore_b
Lair:3:   layout_roguey, wad_woods_road_05, infiniplex_staircase_pool,
          grunt_megastairs_2
Lair:4:   cheibrodos_magma_flow, layout_layer_cave,
          nicolae_swamp_entry_splash_gauntlet, minmay_lindwurm_lava,
          infiniplex_staircase_pool_2, uniq_nessos
Lair:5:   cheibrodos_lair_overgrown_chateau, layout_loops_ring,
          minmay_slime_entry_oklob_open, portal_ice_cave_rime, minivault_11,
          beast_lair_carwin_3, serial_bayou_shore_a, minmay_lair_oklob_chamber
Lair:6:   evilmike_catoblepas_cave, layout_long_grid, basic_altar,
          uniq_josephine
Swamp:1:  gammafunk_mikee_crab_dinner, layout_basic_swamp,
          evilmike_swamp_ruin_house_3, swamp_pool4, hangedman_swamp_muck
Depths:1: minmay_the_grid_square_5x5_3x3 [minmay_the_grid_square_5x5_trominoes,
          minmay_the_grid_square_5x5_inset, minmay_the_grid_square_5x5_inner_v,
          minmay_the_grid_square_5x5_n,
          minmay_the_grid_square_5x5_megaprize_crossed,
          minmay_the_grid_square_5x5_broken_cross,
          minmay_the_grid_square_5x5_mess, minmay_the_grid_square_5x5_fat_x,
          minmay_the_grid_square_5x5_misaligned], layout_cave_pools,
          serial_column_ruins, column_ruins_portal_hut, column_ruins_hut_ruined,
          column_ruins_circle_medium, column_ruins_open_large,
          column_ruins_open_large, column_ruins_grid_3, column_ruins_open_small,
          column_ruins_open_tiny, column_ruins_open_small,
          column_ruins_open_medium, hell_entry, serial_bayou_pond_a,
          abandoned_shop, grunt_tower_of_power, uniq_enchantress, uniq_asterion

Skill      XL: |  1  2  3  4  5  6  7  8  9 10 11 12 13 14 15 |
---------------+----------------------------------------------+-----
Dodging        | 2 3 4 5 6 7 8 9 10 | 10.8
Spellcasting   | 3 4 6 7 9 10 | 10.0
Ice Magic      | 4 6 7 8 10 11 12 14 16 | 16.8
Conjurations   | 2 3 5 7 8 9 10 11 | 11.3
Summonings     | 2 5 |  5.0
Shields        | 4 6 8 |  8.3
Charms         | 3 6 8 |  8.0
Invocations    | 5 7 |  7.0
Long Blades    | 3 5 |  5.0
Stealth        | |  1.7

Action                   |  1- 3 |  4- 6 |  7- 9 | 10-12 | 13-15 || total
-------------------------+-------+-------+-------+-------+-------++-------
Melee: Dagger            |    31 |       |    75 |   131 |    44 ||   281
       Unarmed           |     1 |       |       |       |       ||     1
       Tailslap          |     3 |    16 |    22 |    14 |    17 ||    72
       Spear             |       |    41 |       |       |       ||    41
       Flail             |       |    90 |   102 |       |       ||   192
       Staff             |       |       |       |       |    40 ||    40
       Double sword      |       |       |       |       |    26 ||    26
       Scimitar          |       |       |       |       |     1 ||     1
 Cast: Freeze            |    47 |    69 |   112 |   293 |       ||   521
       Throw Frost       |       |    13 |    68 |    86 |   750 ||   917
       Summon Ice Beast  |       |     1 |    19 |    71 |    70 ||   161
       Throw Icicle      |       |       |     7 |   121 |   188 ||   316
       Ozocubu's Armour  |       |       |       |     1 |    26 ||    27
       Iskenderun's Batt |       |       |       |       |   168 ||   168
Invok: Forget Spell      |       |       |       |     1 |       ||     1
       Channel Magic     |       |       |       |       |     4 ||     4
 Abil: Breathe Frost     |       |       |     4 |     1 |     8 ||    13
Evoke: Wand              |       |       |       |    28 |    17 ||    45
       Phial of floods   |       |       |       |       |     4 ||     4
  Use: Scroll            |     3 |     1 |     8 |     8 |    32 ||    52
       Potion            |       |       |     2 |     6 |    16 ||    24
 Stab: Sleeping          |     2 |     3 |     4 |     2 |       ||    11
       Distracted        |       |       |       |     1 |     1 ||     2
  Eat: Chunk             |     4 |     4 |    17 |    35 |    50 ||   110
       Ration            |       |     1 |     3 |     6 |    16 ||    26
Armor: Skin              |    27 |    63 |    73 |    96 |   211 ||   470
Dodge: Dodged            |    55 |   123 |   192 |   325 |   629 ||  1324
Block: Buckler           |       |       |    39 |   105 |   174 ||   318
       Rpst.: Double sword |       |       |       |       |    11 ||    11
